 Dungeon Crawl Stone Soup version 0.28.0-53-g5a82cb258f (webtiles) character file.

Game seed: 15093481867180856222

7583 cbfl8 the Cleaver (level 10, -2/93 HPs)
             Began as a Minotaur Berserker on July 27, 2022.
             Was an Elder of Trog.
             Slain by a fire elemental (13 damage)
             ... summoned by a deep elf pyromancer
             ... on level 10 of the Dungeon.
             The game lasted 00:13:45 (13434 turns).

cbfl8 the Cleaver (Minotaur Berserker)             Turns: 13434, Time: 00:13:45

Health: -2/93      AC: 15    Str: 28    XL:     10   Next: 97%
Magic:  9/9        EV: 10    Int:  4    God:    Trog [****..]
Gold:   562        SH:  0    Dex: 14    Spells: 9/9 levels left

rFire   . . .      SeeInvis .   s - +0 battleaxe
rCold   . . .      Faith    .   (shield currently unavailable)
rNeg    . . .      Spirit   .   t - +0 plate armour
rPois   .          Reflect  .   (helmet restricted)
rElec   .          Harm     .   (no cloak)
rCorr   +          Rampage  .   k - +0 pair of gloves
Will    .....                   (no boots)
Stlth   ..........              o - amulet of magic regeneration
HPRegen 0.25/turn               r - ring of resist corrosion
MPRegen 0.51/turn               C - +6 ring of strength

@: on berserk cooldown, slowed, studying Shields, very slow
A: horns 2, retaliatory headbutt
a: Renounce Religion, Berserk, Trog's Hand, Brothers in Arms


You were on level 10 of the Dungeon.
You worshipped Trog.
Trog was greatly pleased with you.
You visited 1 branch of the dungeon, and saw 10 of its levels.

You collected 562 gold pieces.

Inventory:

Hand Weapons
 s - a +0 battleaxe (weapon)
Armour
 k - a +0 pair of gloves (worn)
 n - a +0 kite shield
 t - a +0 plate armour (worn)
Jewellery
 g - a ring of protection from fire
 o - an amulet of magic regeneration (around neck)
 r - a ring of resist corrosion (left hand)
 u - a +6 ring of intelligence
 C - a +6 ring of strength (right hand)
Wands
 x - a wand of acid (11) (quivered)
Scrolls
 a - a scroll of torment
 b - 2 scrolls of enchant weapon {unknown}
 c - 2 scrolls of amnesia
 e - a scroll of vulnerability {unknown}
 f - 2 scrolls of blinking {unknown}
 j - a scroll of brand weapon {unknown}
 l - a scroll of holy word
 m - a scroll of fog {unknown}
 v - 4 scrolls of noise
 w - a scroll of magic mapping
 y - 4 scrolls of enchant armour
 A - 3 scrolls of teleportation {unknown}
Potions
 d - a potion of experience {unknown}
 h - a potion of ambrosia {unknown}
 i - a potion of attraction {unknown}
 p - 3 potions of lignification {unknown}
 q - a potion of might {unknown}
 z - a potion of mutation {unknown}
 B - a potion of curing
 D - a potion of degeneration {unknown}


   Skills:
 * Level 9.8 Fighting
 + Level 11.4 Axes
 + Level 8.8 Armour
 * Level 7.4 Dodging
 * Level 5.5 Stealth
 + Level 1.2 Shields
 * Level 3.3 Evocations


You had 9 spell levels left.
You didn't know any spells.
Your spell library was empty.

Dungeon Overview and Level Annotations

Branches:
Dungeon (10/15)            Temple (0/1) D:4            Lair (0/6) D:9
    Orc: D:9-12

Altars:
Dithmenos

Shops:
D:7 *

Annotations:
D:10 2 transporters, 3 runed translucent doors, rabbi's ghost, journeyman DECj


Innate Abilities, Weirdness & Mutations

You have a pair of horns on your head.
You reflexively headbutt those who attack you in melee.


Message History

You barely miss the deep elf pyromancer.
Your headbutt misses the deep elf pyromancer.
The deep elf pyromancer is heavily wounded.
You are covered in liquid flames!
The deep elf pyromancer closely misses you.
You completely miss the deep elf pyromancer.
The deep elf pyromancer is heavily wounded.
You are covered in liquid flames!
You are no longer berserk.
You are exhausted.
You feel yourself slow down.
You closely miss the deep elf pyromancer.
The deep elf pyromancer is heavily wounded.
You are covered in liquid flames!
You are no longer on fire.
The deep elf pyromancer hits you with a +0 long sword!
The deep elf pyromancer hits you with a +0 long sword.
You slash the deep elf pyromancer!
The deep elf pyromancer is severely wounded.
The deep elf pyromancer gestures wildly while chanting.
The deep elf pyromancer casts a spell at you.
The bolt of fire hits you!!!
* * * LOW HITPOINT WARNING * * *
You closely miss the deep elf pyromancer.
You headbutt the deep elf pyromancer!
The deep elf pyromancer is almost dead.
You barely miss the fire elemental. The fire elemental barely misses you.
You furiously retaliate!
You headbutt the fire elemental.
The deep elf pyromancer mumbles some strange words.
The fire elemental hits you. The fire elemental burns you!
* * * LOW HITPOINT WARNING * * *
You completely miss the deep elf pyromancer.
The deep elf pyromancer is almost dead.
You barely miss the fire elemental. You hit the fire elemental.
The deep elf pyromancer hits you with a +0 long sword.
* * * LOW HITPOINT WARNING * * *
The fire elemental hits you. The fire elemental burns you!
* * * LOW HITPOINT WARNING * * *
The fire elemental hits you. The fire elemental burns you!
You die...

######
#.....######.........
#......... ..........
#......E####...(.....
#.E@e...........
#.####.........#
####.######......#
#....†........#.###
##....†.............
#...#########..#yy##
#...#.WWzy..#..#
######...#...#...#..#
##........#.!#.#..+..#


You could see a deep elf pyromancer and 2 fire elementals.

Vanquished Creatures
  2 two-headed ogres
  Pikel (D:6)
  Psyche (D:10)
  2 komodo dragons
  A troll (D:10)
  A hornet (D:10)
  A shadow (D:10)
  A wyvern (D:9)
  2 steam dragons
  Menkaure (D:7)
  2 water moccasins
  2 orc warriors
  3 ice beasts
  A sky beast (D:6)
  A hornet zombie (D:5)
  2 ogres
  6 centaurs
  2 bullfrogs
  3 scorpions
  2 water moccasin skeletons
  9 killer bees
  3 wights (D:6)
  6 howler monkeys
  2 centaur zombies
  A bullfrog zombie (D:7)
  3 jellies
  A hound (D:5)
  2 gnoll shamans
  8 orc priests
  A centaur skeleton (D:7)
  4 iguanas
  7 orc wizards
  A scorpion zombie (D:3)
  A killer bee zombie (D:8)
  2 howler monkey zombies
  4 adders
  8 gnolls
  A howler monkey skeleton (D:4)
  3 white imps
  2 ufetubi (D:5)
  An adder skeleton (D:4)
  2 worms
  2 dart slugs (D:4)
  30 orcs
  6 ball pythons
  5 bats
  10 endoplasms
  2 giant cockroaches
  14 goblins
  5 hobgoblins
  3 jackals (D:4)
  10 kobolds
  2 quokkas (D:1)
  A frilled lizard (D:1)
  6 rats (D:1)
205 creatures vanquished.

Vanquished Creatures (others)
  12 fungi (D:9)
  12 plants (D:9)
24 creatures vanquished.

Grand Total: 229 creatures vanquished

Notes
Turn   | Place    | Note
-------+----------+-------------------------------------------
     0 | D:1      | cbfl8 the Minotaur Berserker began the quest for the Orb.
     0 | D:1      | Reached XP level 1. HP: 19/19 MP: 0/0
    26 | D:1      | Found a faded altar of an unknown god.
   223 | D:1      | Reached XP level 2. HP: 23/27 MP: 1/1
   344 | D:1      | Reached skill level 4 in Axes
   858 | D:1      | Reached XP level 3. HP: 33/33 MP: 2/2
   940 | D:1      | Reached ** piety under Trog
  2659 | D:3      | Reached XP level 4. HP: 41/41 MP: 3/3
  2723 | D:3      | You fall into a shaft and drop 3 floors!
  2731 | D:6      | Reached skill level 5 in Axes
  2952 | D:6      | Reached XP level 5. HP: 47/47 MP: 4/4
  3073 | D:6      | Noticed an ice beast
  3083 | D:6      | Killed an ice beast
  3084 | D:6      | Reached skill level 5 in Fighting
  3084 | D:6      | Reached skill level 1 in Stealth
  3084 | D:6      | Reached XP level 6. HP: 56/56 MP: 5/5
  3171 | D:6      | Noticed a sky beast
  3177 | D:6      | Killed a sky beast
  3178 | D:6      | Reached skill level 6 in Axes
  3324 | D:5      | Entered Level 5 of the Dungeon
  3719 | D:4      | Reached XP level 7. HP: 61/61 MP: 6/6
  3797 | D:4      | HP: 4/93 [poisoned by a water moccasin]
  4094 | D:4      | Reached *** piety under Trog
  4226 | D:4      | Found a staircase to the Ecumenical Temple.
  4243 | D:4      | Reached skill level 7 in Axes
  5133 | D:3      | Reached skill level 5 in Armour
  5133 | D:3      | Reached skill level 1 in Shields
  6057 | D:5      | Reached XP level 8. HP: 71/71 MP: 7/7
  6811 | D:5      | Reached skill level 5 in Dodging
  7193 | D:6      | Reached skill level 8 in Axes
  7585 | D:6      | Noticed Pikel
  7604 | D:6      | Killed Pikel
  7605 | D:6      | Reached XP level 9. HP: 34/81 MP: 8/8
  8482 | D:7      | Reached skill level 9 in Axes
  8546 | D:7      | Found Kiengeom's Assorted Antiques.
  8686 | D:7      | Reached **** piety under Trog
  8883 | D:7      | Noticed Menkaure
  8892 | D:7      | Killed Menkaure
  9657 | D:8      | Reached skill level 1 in Evocations
  9938 | D:8      | Reached skill level 10 in Axes
 10293 | D:8      | Noticed a two-headed ogre
 10300 | D:8      | Killed a two-headed ogre
 10301 | D:8      | Reached XP level 10. HP: 62/90 MP: 9/9
 11250 | D:9      | Noticed a two-headed ogre
 11256 | D:9      | Killed a two-headed ogre
 11379 | D:9      | Reached skill level 5 in Stealth
 11834 | D:9      | Found a staircase to the Lair.
 12669 | D:10     | Entered Level 10 of the Dungeon
 12681 | D:10     | Found a shadowy altar of Dithmenos.
 12731 | D:10     | Reached skill level 11 in Axes
 12817 | D:10     | Noticed Psyche
 12824 | D:10     | Killed Psyche
 13053 | D:10     | Found a transporter.
 13079 | D:10     | Found a transporter.
 13094 | D:10     | Noticed a cyclops
 13097 | D:10     | Noticed rabbi's ghost (journeyman DECj)
 13400 | D:10     | Found a runed translucent gate.
 13400 | D:10     | Found a runed translucent gate.
 13400 | D:10     | Found a runed translucent gate.
 13406 | D:10     | Noticed a deep elf pyromancer
 13434 | D:10     | Slain by a fire elemental

Illustrated notes

Levels and vault maps discovered:
D:1:      heliophobic_arrival_henge, layout_loops_ring,
          shapermc_ecumenical_altar_mp_highgroup
D:2:      layout_basic
D:3:      layout_basic
D:4:      minmay_angry_zag, layout_basic, minmay_temple_entry_grid
D:5:      layout_rooms, hangedman_decor_opposing
D:6:      layout_loops_corners, minmay_misc_feat_iff, uniq_pikel
D:7:      layout_cave_pools, serial_shops, shop, minmay_misc_feat_ornament,
          uniq_menkaure
D:8:      layout_layer_cave, kennysheep_nondescript
D:9:      layout_gridville, grunt_lair_entry_orc_guard_hut,
          nicolae_straight_to_the_point
D:10:     layout_rooms, nicolae_dithmenos_through_a_glass_darkly,
          gammafunk_ghost_split, serial_nicolae_subway,
          nicolae_sub_station_metal, nicolae_sub_station_crystal,
          nicolae_sub_station_stone, uniq_psyche

Skill      XL: |  1  2  3  4  5  6  7  8  9 10 |
---------------+-------------------------------+-----
Fighting       | 4 5 6 7 8 9 |  9.8
Axes           | 4 5 6 7 8 10 11 | 11.4
Armour         | 3 4 5 6 7 8 |  8.8
Dodging        | 3 4 5 6 7 |  7.4
Stealth        | 1 2 3 4 5 |  5.5
Shields        | 1 |  1.2
Evocations     | 1 3 |  3.3

Action                   |  1- 3 |  4- 6 |  7- 9 | 10-12 || total
-------------------------+-------+-------+-------+-------++-------
Melee: Hand axe          |   101 |    59 |   113 |       ||   273
       Headbutt          |    16 |    14 |    41 |    20 ||    91
       Battleaxe         |       |       |   166 |   104 ||   270
Invok: Berserk           |       |     4 |     7 |     3 ||    14
  Use: Potion            |       |       |     2 |       ||     2
       Scroll            |       |       |       |     6 ||     6
Armor: Animal skin       |     6 |       |       |       ||     6
       Chain mail        |    28 |    26 |    59 |       ||   113
       Ring mail         |     2 |       |       |       ||     2
       Plate armour      |       |       |   145 |    80 ||   225
Dodge: Dodged            |    47 |    20 |   128 |    81 ||   276
Block: Kite shield       |       |     1 |    28 |       ||    29
